Map: Disco Bloodbath LE

Players

Ratl

  • Race: Protoss Protoss
  • Spawn Location: 3:00

VOD

Have the link to the VOD?

Description

Time

  • Played on: Nov. 12, 2019, 8:34 a.m.
  • Length: 15:33
Show
View Real Time Build Order
Export as new Build Order

Ratl Protoss 

Build Orders:  

Get SALT Encoding   

  12  0:06  Probe (Chrono Boost)  
  13  0:22  Probe (Chrono Boost)  
  14  0:36  Pylon  
  14  0:39  Probe (Chrono Boost)  
  15  1:13  Probe (Chrono Boost), Pylon  
  17  1:30  Probe (Chrono Boost)  
  17  1:37  Gateway  
  17  1:47  Probe (Chrono Boost)  
  18  1:58  Nexus  
  19  2:11  Probe (Chrono Boost)  
  19  2:21  Assimilator  
  19  2:34  Assimilator  
  19  2:41  Forge  
  19  2:47  Pylon  
  19  2:55  Zealot (Chrono Boost)  
  19  2:57  Probe (Chrono Boost)  
  24  3:30  Zealot (Chrono Boost)  
  24  3:32  Probe (Chrono Boost)  
  25  3:44  Probe (Chrono Boost)  
  26  3:56  Cybernetics Core  
  26  3:58  Probe (Chrono Boost)  
  27  4:00  Pylon  
  27  4:05  Pylon  
  27  4:07  Zealot  
  29  4:33  Probe (Chrono Boost)  
  29  4:38  Pylon  
  30  4:41  Pylon  
  30  4:45  Probe (Chrono Boost)  
  31  4:58  Probe (Chrono Boost)  
  32  5:04  Stalker  
  34  5:15  Probe (Chrono Boost)  
  35  5:20  Protoss Air Weapons Level 1  
  35  5:31  Probe (Chrono Boost)  
  36  5:42  Probe (Chrono Boost)  
  37  5:54  Probe (Chrono Boost), Stalker  
  40  6:09  Probe (Chrono Boost)  
  41  6:26  Probe (Chrono Boost)  
  42  6:34  Protoss Ground Weapons Level 1  
  42  6:36  Stalker  
  44  6:43  Probe (Chrono Boost), Assimilator  
  45  6:51  Assimilator  
  45  6:56  Shield Battery  
  45  6:59  Shield Battery  
  45  7:12  Robotics Facility  
  45  7:15  Robotics Facility  
  45  7:38  Stargate  
  45  8:07  Stalker  
  45  8:49  Stalker  
  47  9:06  Warp Gate  
  47  9:08  Probe (Chrono Boost)  
  47  9:18  Warp Prism  
  47  9:19  Probe (Chrono Boost)  
  51  9:31  Stalker  
  51  9:32  Immortal  
  51  9:33  Probe (Chrono Boost)  
  58  9:49  Gateway  
  59  9:50  Probe (Chrono Boost)  
  59  9:52  Gateway  
  59  9:56  Fleet Beacon  
  59  10:03  Robotics Bay  
  59  10:07  Probe (Chrono Boost)  
  59  10:08  Immortal  
  64  10:15  Void Ray  
  68  10:26  Protoss Air Armor Level 1  
  68  10:27  Sentry  
  70  10:47  Pylon  
  70  10:56  Shield Battery  
  70  10:59  Shield Battery  
  70  11:03  Immortal  
  74  11:44  Gateway  
  74  11:52  Pylon  
  74  12:24  Assimilator  
  74  12:26  Nexus  
  74  12:33  Assimilator  
  74  13:35  Sentry  
  71  13:42  Zealot  
  71  13:43  Stalker  
  71  13:45  Stalker  
  66  14:10  Immortal  
  66  14:13  Immortal  
  53  14:55  Stalker x2  
Tags
 
Add a new tag
Caveats
  • Supply blocks, unpowered buildings, or Contaminate may cause inaccurate times.
  • Supply counts are checked every 10 seconds.